 Dungeon Crawl Stone Soup version 0.31-a0-986-g5e6e4ef867 (webtiles) character file.

Game seed: 3451369682634171190

21651 timneilson the Grappler (level 12, -5/86 HPs)
             Began as an Octopode Shapeshifter on Nov 24, 2023.
             Was an Initiate of Gozag.
             Succumbed to Nessos's poison
             ... on level 12 of the Dungeon.
             The game lasted 00:41:50 (11523 turns).

timneilson the Grappler (Octopode Shapeshifter)    Turns: 11523, Time: 00:41:51

Health: -5/86      AC:  1    Str: 27    XL:     12   Next: 92%
Magic:  12/12      EV: 18    Int: 14    God:    Gozag
Gold:   566        SH:  0    Dex: 17    Spells: 11/11 levels left

rFire   . .          .
                       - Unarmed
rCold   + . .        (shield currently unavailable)
rNeg    + . .        (helmet restricted)
rPois   +            y - amulet of regeneration
rElec   +            h - +4 ring of slaying
rCorr   +            v - ring of positive energy
SInv    +            g - ring "Zari" {Str+4 Dex+6}
Will    .....        G - ring "Sankorux" {rElec rC+ rCorr SInv}
Stlth   ++           w - ring "Veucraan" {rPois Str+6}
HPRegen 1.14/turn    (no ring)
MPRegen 0.13/turn    (no ring)
                     (no ring)

%: no passive effects
@: lethally poisoned (-5 -> -23), flux-form, glowing
A: glow, contaminating, almost no armour, amphibious, 8 rings, camouflage 1,
gelatinous body 1, (nimble swimmer 1), tentacles
a: Begin Untransformation, Renounce Religion, Potion Petition, Call Merchant,
Bribe Branch


You were on level 12 of the Dungeon.
You worshipped Gozag.
Gozag was pleased with you.
You were something dangerously unstable.
You visited 2 branches of the dungeon, and saw 13 of its levels.
You also visited: Bailey.

You collected 2604 gold pieces.
You spent 1279 gold pieces at shops.
You paid 759 gold pieces to Gozag.

Inventory:

Armour
 C - a +1 kite shield
Jewellery
 d - a ring of ice
 g - the ring "Zari" (on tentacle) {Str+4 Dex+6}
   (You found it on level 10 of the Dungeon)

   [ring of dexterity]

   Str+4:     It affects your strength (+4).
   Dex+6:     It affects your dexterity (+6).
 h - a +4 ring of slaying (left tentacle)
 q - a ring of wizardry
 v - a ring of positive energy (right tentacle)
 w - the ring "Veucraan" (on tentacle) {rPois Str+6}
   (You bought it in a shop on level 8 of the Dungeon)

   [ring of strength]

   Str+6:     It affects your strength (+6).
   rPois:     It protects you from poison
 y - an amulet of regeneration (around mantle)
 G - the ring "Sankorux" (on tentacle) {rElec rC+ rCorr SInv}
   (You bought it in a shop on level 1 of the Dungeon)

   [ring of resist corrosion]

   rC+:       It protects you from cold.
   rElec:     It insulates you from electricity.
   SInv:      It lets you see invisible.
   rCorr:     It protects you from acid and corrosion.
Talismans
 b - a beast talisman
 c - a flux talisman (active)
 z - a blade talisman
Wands
 o - a wand of quicksilver (1)
 r - a wand of polymorph (6)
 s - a wand of charming (9)
 t - a wand of flame (25)
 u - a wand of mindburst (19)
 E - a wand of iceblast (14)
Scrolls
 e - 4 scrolls of immolation
 i - a scroll of fear
 j - 2 scrolls of poison
 k - 4 scrolls of teleportation
 x - 2 scrolls of fog
 A - a scroll of butterflies
 F - a scroll of revelation
 H - a scroll of enchant weapon
Potions
 a - 2 potions of lignification
 f - 5 potions of brilliance
 l - 5 potions of ambrosia
 m - 5 potions of enlightenment
 n - 2 potions of attraction
 p - 4 potions of magic
 B - a potion of haste
 D - a potion of mutation
 I - a potion of might
 J - a potion of heal wounds


   Skills:
 * Level 9.4 Fighting
 * Level 9.7 Dodging
 + Level 9.7 Stealth
 + Level 4.1 Shields
 * Level 10.0 Unarmed Combat
 + Level 6.6 Evocations
 * Level 9.2 Shapeshifting


You had 11 spell levels left.
You didn't know any spells.
Your spell library contained the following spells:

 Spells                   Type           Power      Damage    Failure   Level
 Cigotuvi's Dreadful Rot  Necr/Pois/Air  0%         N/A       41%         2
 Ensorcelled Hibernation  Hex/Ice        0%         N/A       41%         2
 Jinxbite                 Hex            0%         N/A       41%         2
 Frozen Ramparts          Ice            0%         1d1       65%         3
 Anguish                  Hex/Necr       0%         N/A       96%         4
 Dispel Undead            Necr           0%         3d6       96%         4
 Petrify                  Tmut/Erth      0%         N/A       96%         4
 Alistair's Intoxication  Tmut/Pois      0%         N/A       100%        5
 Borgnjor's Vile Clutch   Necr/Erth      0%         N/A       100%        5
 Metabolic Englaciation   Hex/Ice        0%         N/A       100%        5
 Death Channel            Necr           0%         N/A       100%        6
 Eringya's Noxious Bog    Tmut/Pois      0%         4d6       100%        6


Dungeon Overview and Level Annotations

Branches:
Dungeon (12/15)            Temple (1/1) D:7            Lair (0/5) D:11
    Orc (0/2) D:12         Bailey (visited)

Altars:
Ashenzari
Cheibriados
Dithmenos
Elyvilon
Fedhas
Gozag
Hepliaklqana
Kikubaaqudgha
Makhleb
Nemelex Xobeh
Okawaru
Qazlal
Ru
Sif Muna
Trog
Uskayaw
Vehumet
Wu Jian
Xom
Yredelemnul
Zin
The Shining One

Shops:
D:1 (=   D:8 =   D:9 *

Annotations:
D:12 Nessos


Innate Abilities, Weirdness & Mutations

You are something dangerously unstable.
You glow with magical radiation, making you easy to see and hit.
Foes you strike become dangerously contaminated with magical radiation.
You are incapable of wielding weapons or throwing items.
You cannot wear most types of armour.
You are amphibious.
You can wear up to eight rings at the same time.
Your skin changes colour to match your surroundings (Stealth+).
Your rubbery body absorbs attacks. (AC +1, EV +1)
((You are camouflaged when in or above water. (Stealth+)))
You have tentacles for arms and can constrict up to eight enemies at once.


Message History

Nessos the Markscentaur comes into view.
Found a stone staircase leading down.
Nessos shouts!
Nessos wields a +3 longbow of flaming.
It bursts into flame!
Nessos shoots an arrow.
The arrow hits you! The arrow burns you.
Nessos casts a spell.
Nessos seems to speed up.
Nessos shoots an arrow.
The arrow hits you!! The arrow burns you.
Nessos shoots an arrow.
The arrow closely misses you.
Nessos shoots an arrow.
The arrow hits you! The arrow burns you.
* * * LOW HITPOINT WARNING * * *
Nessos shoots an arrow.
The arrow closely misses you.
As you read the scroll of fear, it crumbles to dust.
You assume a fearsome visage.
Nessos looks frightened!
Nessos screams, "Help!"
Nessos mumbles some strange words.
Nessos blinks!
Nessos casts a spell.
Nessos blinks!
Okay, then.
Nessos cries, "Help!"
Nessos gestures wildly while chanting.
Nessos blinks!
Nessos casts a spell.
Nessos blinks!
Nessos mumbles some strange words.
Nessos blinks!
Nessos gestures wildly while chanting.
Nessos blinks!
Nessos casts a spell.
Nessos blinks!
Nessos shoots an arrow.
The arrow barely misses you.
Nessos shoots an arrow.
The arrow hits you!!
* * * LOW HITPOINT WARNING * * *
The arrow burns you!
You are lethally poisoned!
* * * LOW HITPOINT WARNING * * *
Nessos shoots an arrow.
The arrow completely misses you.
You die...
Your body crumbles into a pile of gold.

#.# #..#
#...##...#..# #.#
#..# #...##...#..#
#.# #§.#
#..###...##...#..#
#.# #..#
#.............#..#
#.# #c§#
#...##..####..#..#
#.# #..# #...##..#
#..#..# #.# #..#
#...##..# #[<#..#
#.# #..# #...##..#
#..#..# #.#
#.c####p..##..#
#..#...
#.####.........##..#
#..<...
#........####..##..
#.....# #..###...#
..# #.....# #..#
#...# ..# ......#..#
#..# #...# ..#
.......#..# #..#
#...# ..#
.......#..# #..#
#...# ..#
..###..#..# #..#
#...# .. #..#..#


There were no monsters in sight!

Vanquished Creatures
  2 vault guards (Bailey)
  Erica (D:8)
  2 two-headed ogres
  3 death yaks (D:11)
  2 ugly things (D:12)
  2 cyclopes (D:12)
  3 manticores
  2 unseen horrors (D:11)
  2 trolls
  2 hornets
  A queen bee (D:11)
  Prince Ribbit (D:5)
  Grinder (D:5)
  A blink frog (Bailey)
  Sigmund (D:4)
  A wraith (D:12)
  3 shadows
  14 yaks
  3 wyverns
  Eustachio (D:4)
  2 vampire mosquitoes (D:10)
  2 steam dragons
  5 humans (Bailey)
  Menkaure (D:5)
  A warg (D:12)
  2 water moccasins
  Duvessa (D:7)
  2 acid dragons
  4 orc warriors
  3 sky beasts
  3 ice beasts
  2 black bears
  An ogre (D:6)
  7 centaurs
  2 phantoms
  A kobold brigand (D:8)
  8 bullfrogs
  A gnoll sergeant (D:5)
  2 scorpions
  14 wights
  Dowan (D:7)
  47 killer bees
  3 howler monkeys
  4 hounds
  2 jellies
  Crazy Yiuf (D:7)
  6 orc priests
  A gnoll bouda (D:8)
  2 sleepcaps
  An iguana (D:7)
  Ijyb (D:5)
  18 orc wizards
  Terence (D:3)
  11 gnolls
  3 river rats (D:11)
  5 adders
  5 shadow imps
  A worm (D:3)
  6 dart slugs
  27 orcs
  6 ball pythons
  4 endoplasms
  5 giant cockroaches
  11 goblins
  8 hobgoblins
  8 jackals
  2 quokkas
  2 bats (D:1)
  A frilled lizard (D:2)
  7 kobolds
  8 rats
320 creatures vanquished.

Notes
Turn   | Place    | Note
-------+----------+-------------------------------------------
     0 | D:1      | timneilson the Octopode Shapeshifter began the quest for
                  | the Orb.
     0 | D:1      | Reached XP level 1. HP: 13/13 MP: 1/1
    42 | D:1      | Found Juceetep's Jewellery Shop.
    66 | D:1      | Noticed an eye of devastation
    68 | D:1      | Found a faded altar of an unknown god.
    70 | D:1      | Noticed a golden eye
    71 | D:1      | Noticed a glass eye
    71 | D:1      | Noticed a golden eye
    89 | D:1      | Reached XP level 2. HP: 13/18 MP: 2/2
   697 | D:1      | Found Mylaamin's Weapon Shop.
   704 | D:1      | Reached skill level 1 in Stealth
   704 | D:1      | Reached XP level 3. HP: 23/23 MP: 3/3
   965 | D:2      | Reached XP level 4. HP: 29/29 MP: 4/4
  1382 | D:2      | Identified a scroll of acquirement
  1382 | D:2      | Acquired a +4 ring of slaying
  1581 | D:3      | Noticed a black bear
  1587 | D:3      | Killed a black bear
  1588 | D:3      | Reached XP level 5. HP: 6/35 MP: 5/5
  1782 | D:3      | Reached skill level 4 in Unarmed Combat
  1795 | D:3      | Noticed Terence
  1816 | D:3      | Killed Terence
  1817 | D:3      | Reached XP level 6. HP: 30/41 MP: 6/6
  2025 | D:3      | Found an iron altar of Okawaru.
  2028 | D:3      | Found an ornate altar of the Wu Jian Council.
  2031 | D:3      | Found a bloodstained altar of Trog.
  2759 | D:4      | Noticed Eustachio
  2764 | D:4      | Killed Eustachio
  2765 | D:4      | Reached XP level 7. HP: 43/46 MP: 7/7
  2999 | D:4      | Noticed Sigmund
  3009 | D:4      | Killed Sigmund
  3010 | D:4      | Reached skill level 1 in Evocations
  3240 | D:5      | Entered Level 5 of the Dungeon
  3259 | D:5      | Noticed Prince Ribbit
  3280 | D:5      | Killed Prince Ribbit
  3281 | D:5      | Reached skill level 5 in Unarmed Combat
  3281 | D:5      | Reached XP level 8. HP: 54/54 MP: 8/8
  3311 | D:5      | Found an opulent altar of Gozag.
  3321 | D:5      | Became a worshipper of Gozag Ym Sagoz the Greedy
  3353 | D:5      | Found a radiant altar of Vehumet.
  3388 | D:5      | Reached skill level 5 in Shapeshifting
  3508 | D:5      | Noticed Ijyb
  3510 | D:5      | Noticed Menkaure
  3522 | D:5      | Killed Menkaure
  3523 | D:5      | Reached skill level 5 in Dodging
  3561 | D:5      | Noticed Grinder
  3564 | D:5      | Paralysed by Grinder for 3 turns
  3572 | D:5      | Killed Grinder
  3727 | D:5      | Killed Ijyb
  3983 | D:6      | Reached skill level 5 in Fighting
  4027 | D:6      | Reached XP level 9. HP: 57/61 MP: 9/9
  4126 | D:6      | Reached skill level 5 in Stealth
  4168 | D:6      | Reached skill level 6 in Unarmed Combat
  5240 | D:7      | Noticed Duvessa
  5240 | D:7      | Noticed Dowan
  5246 | D:7      | Killed Duvessa
  5252 | D:7      | Killed Dowan
  5308 | D:7      | Found a runed translucent door.
  5309 | D:7      | Noticed Crazy Yiuf
  5406 | D:7      | Found a staircase to the Ecumenical Temple.
  5446 | Temple   | Entered the Ecumenical Temple
  5524 | D:7      | Reached XP level 10. HP: 61/68 MP: 10/10
  5528 | D:7      | Reached skill level 7 in Unarmed Combat
  5562 | D:7      | Found a broken altar of Ashenzari.
  5566 | D:7      | Saw a vision of the Swamp and the Snake Pit.
  5566 | D:7      | Noticed an anaconda
  5566 | D:7      | Noticed a naga warrior
  5566 | D:7      | Noticed a black mamba
  5566 | D:7      | Noticed a black mamba
  5566 | D:7      | Noticed an anaconda
  5566 | D:7      | Noticed a seven-headed hydra
  5568 | D:7      | Noticed a ghost crab
  5629 | D:7      | Found a sacrificial altar of Ru.
  6162 | D:7      | Killed Crazy Yiuf
  6512 | D:8      | Found a shimmering altar of Xom.
  6513 | D:8      | Found a shimmering altar of Xom.
  6516 | D:8      | Found a shimmering altar of Xom.
  6517 | D:8      | Found a shimmering altar of Xom.
  6518 | D:8      | Found a shimmering altar of Xom.
  6877 | D:8      | Noticed Erica
  6883 | D:8      | Killed Erica
  6884 | D:8      | Reached skill level 1 in Shields
  6937 | D:8      | Reached skill level 8 in Unarmed Combat
  6937 | D:8      | Reached XP level 11. HP: 16/75 MP: 11/11
  7309 | D:9      | Found Pozas's Assorted Antiques.
  7317 | D:9      | Bought a scroll labelled QODAINK GIPHUT for 25 gold pieces
  7317 | D:9      | Bought a fizzy ruby potion for 22 gold pieces
  7317 | D:9      | Bought a scroll labelled WEESHI AVOSIOH for 25 gold pieces
  7317 | D:9      | Bought a scroll of identify for 50 gold pieces
  7501 | D:9      | Noticed a two-headed ogre
  7528 | D:9      | Reached skill level 5 in Evocations
  7532 | D:9      | Killed a two-headed ogre
  7662 | D:9      | Identified the +8 dagger "Ynupal Qefy" {venom, *Corrode
                  | +Blink Str+3 Dex+9}
  7959 | D:1      | Bought the ring "Sankorux" {rElec rC+ rCorr SInv} for 497
                  | gold pieces
  8572 | D:10     | Entered Level 10 of the Dungeon
  8572 | D:10     | Found a flagged portal.
  8589 | Bailey   | Entered a bailey
  8657 | Bailey   | Noticed a vault guard
  8670 | Bailey   | Killed a vault guard
  8772 | Bailey   | Noticed a vault guard
  8781 | Bailey   | Killed a vault guard
  8953 | D:10     | Noticed a two-headed ogre
  8960 | D:10     | Killed a two-headed ogre
  9108 | D:10     | Reached skill level 9 in Unarmed Combat
  9361 | D:10     | Identified the ring "Zari" {Str+4 Dex+6}
  9407 | D:10     | Reached XP level 12. HP: 62/84 MP: 12/12
  9487 | D:10     | Found a hazy altar of Hepliaklqana.
  9493 | D:10     | Found a basalt altar of Yredelemnul.
  9707 | D:11     | Noticed a death yak
  9711 | D:11     | Noticed a death yak
  9727 | D:11     | Killed a death yak
  9734 | D:11     | Noticed a death yak
 10183 | D:8      | Bought the ring "Veucraan" {rPois Str+6} for 660 gold
                  | pieces
 10464 | D:11     | Found a staircase to the Lair.
 10484 | D:11     | Killed a death yak
 10489 | D:11     | Killed a death yak
 10796 | D:11     | Identified the +1 pair of gloves of Courage {Slay+6}
 10961 | D:12     | Found a staircase to the Orcish Mines.
 11036 | D:12     | Noticed a two-headed ogre
 11110 | D:12     | Identified the +0 buckler "Jiketat" {rCorr Dex+2}
 11432 | D:12     | Reached skill level 10 in Unarmed Combat
 11513 | D:12     | Noticed Nessos
 11522 | D:12     | HP: 1/86 [Nessos/arrow (10)]
 11523 | D:12     | Succumbed to Nessos's poison

Illustrated notes

Levels and vault maps discovered:
D:1:      spicycebolla_green_bress_n_ham, layout_basic,
          hellmonk_ecumenical_altar_watching_god, serial_shops,
          nicolae_shop_gaudy_bauble, shop
D:2:      layout_loops_ring
D:3:      layout_loops_cross, grunt_temple_overflow_open,
          hangedman_decor_opposing, corexii_hall_statues_l, uniq_terence
D:4:      layout_basic, uniq_eustachio, uniq_sigmund
D:5:      layout_cave_pools, mainiacjoe_overflow_catch_the_wave,
          uniq_prince_ribbit1, uniq_grinder, uniq_menkaure, uniq_ijyb
D:6:      minmay_flawed_box, layout_gridville, hangedman_decor_riveting
D:7:      layout_loops_cross, kennysheep_mini, grunt_ashenzari_visionary
          [grunt_ashenzari_visionary_swamp, grunt_ashenzari_visionary_snake],
          minmay_temple_entry_trees, uniq_crazy_yiuf_cottage, uniq_duvessa
D:8:      cheibrodos_barr_body, layout_loops_ring, xom_redecorated, uniq_erica
D:9:      layout_irregular_city, serial_shops, nicolae_shop_dealshenge
D:10:     layout_roguey, mainiacjoe_overflow_catwalk_spiral, enter_bailey_5,
          chequers_avenue
D:11:     layout_rooms, dpeg_lair_monsters, special_room [special_room_bee],
          minmay_between
D:12:     layout_long_grid, david_orc_3, nicolae_trove_entry_free_sample,
          uniq_nessos
Temple:   nicolae_temple_no_exploring_needed

Skill      XL: |  1  2  3  4  5  6  7  8  9 10 11 12 |
---------------+-------------------------------------+-----
Stealth        | 1 2 3 4 6 7 8 9 |  9.7
Fighting       | 2 3 4 5 6 7 8 9 |  9.4
Dodging        | 3 4 5 6 7 8 9 |  9.7
Unarmed Combat | 4 5 6 8 9 10 | 10.0
Shapeshifting  | 4 5 6 7 8 9 |  9.2
Evocations     | 1 2 3 4 5 6 |  6.6
Shields        | 1 2 4 |  4.1

Action                     |  1- 3 |  4- 6 |  7- 9 | 10-12 || total
---------------------------+-------+-------+-------+-------++-------
  Melee: Unarmed           |    57 |    73 |   147 |   496 ||   773
         Constrict         |    15 |    22 |    40 |   105 ||   182
         Punch             |     1 |     8 |    12 |     7 ||    28
         Tentacles         |     6 |    18 |    50 |   157 ||   231
 Invoke: Call Merchant     |       |       |       |     1 ||     1
  Evoke: Wand              |       |       |     2 |    17 ||    19
    Use: Scroll            |     1 |     5 |     5 |    14 ||    25
         Potion            |       |       |       |     9 ||     9
   Stab: Sleeping          |     9 |     7 |    10 |     6 ||    32
         Distracted        |     1 |       |     1 |     2 ||     4
 Armour: Skin              |    14 |    26 |    72 |   248 ||   360
  Dodge: Dodged            |    40 |    35 |    92 |   367 ||   534
   Form: Flux              |       |       |       |     1 ||     1

Table legend: (Time is in decaauts)
 A = Elapsed time spent in this place.
 B = Non-inter-level travel time spent in this place.
 C = Inter-level travel time spent in this place.
 D = Time resting spent in this place.
 E = Time spent auto-exploring this place.
 F = Levels seen in this place.
 G = Mean time per level.
                   A        B        C        D        E       F      G
               +--------+--------+--------+--------+--------+-----+--------+
         Total |  11437 |  10631 |    806 |    878 |   5737 |  14 |  816.9 |
       Dungeon |  11228 |  10422 |    806 |    878 |   5720 |  12 |  935.7 |
        Temple |      1 |      1 |      0 |      0 |      0 |   1 |    1.0 |
        Bailey |    206 |    206 |      0 |      0 |     17 |   1 |  206.0 |
               +--------+--------+--------+--------+--------+-----+--------+

Top non-repeatable levels by time:
     D:6: 1161 daAuts
     D:8: 1108 daAuts
     D:4: 1069 daAuts
     D:7: 1030 daAuts
     D:9: 1021 daAuts
    D:10: 980 daAuts
    D:11: 923 daAuts
     D:5: 878 daAuts
     D:3: 834 daAuts
     D:1: 799 daAuts
     D:2: 724 daAuts
    D:12: 696 daAuts
  Bailey: 206 daAuts
  Temple: 1 daAuts
